 Dungeon Crawl Stone Soup version 0.31-a0-237-g2d982f9f85 (webtiles) character file.

Game seed: 13978108875438374983

296 qw the Shooter (level 6, -2/37 HPs)
             Began as a Gargoyle Hexslinger on July 10, 2023.
             Slain by an orc warrior
             ... wielding a +0 halberd
              (8 damage)
             ... on level 4 of the Dungeon.
             The game lasted 00:01:02 (2072 turns).

qw the Shooter (Gargoyle Hexslinger)                Turns: 2072, Time: 00:01:02

Health: -2/37      AC: 13    Str: 12    XL:     6   Next: 34%
Magic:  7/7        EV: 11    Int: 13    God:
Gold:   151        SH:  0    Dex: 14    Spells: 6/7 levels left

rFire   . . .        Y - +0 arbalest
rCold   . . .        (shield currently unavailable)
rNeg    + + .        f - +0 leather armour
rPois   inf          m - +2 hat
rElec   +            (no cloak)
rCorr   .            (no gloves)
SInv    .            (no boots)
Will    .....        (no amulet)
Stlth   +            d - ring of positive energy
HPRegen 0.26/turn    l - +4 ring of protection
MPRegen 0.10/turn

%: no passive effects
@: no status effects
A: sickness immunity, AC +4, negative energy resistance 1, electricity
resistance, torment resistance 1, petrification resistance
a: no special abilities


You were on level 4 of the Dungeon.
You visited 2 branches of the dungeon, and saw 5 of its levels.

You collected 257 gold pieces.
You spent 106 gold pieces at shops.


Innate Abilities, Weirdness & Mutations

You are immune to sickness and miasma.
Your stone body is resilient. (AC +4)
You are immune to poison.
You resist negative energy. (rN+)
You are resistant to electric shocks. (rElec)
You are resistant to unholy torment.
You are immune to petrification.


   Skills:
 - Level 3.0 Fighting
 + Level 5.9 Ranged Weapons
 - Level 1.5 Dodging
 - Level 1.0 Spellcasting
 - Level 2.6 Hexes


You had 6 spell levels left.
You knew the following spells:

 Your Spells              Type           Power      Damage    Failure   Level
a - Slow                  Hex            28%        N/A       12%         1

Your spell library contained the following spells:

 Spells                   Type           Power      Damage    Failure   Level
 Inner Flame              Hex/Fire       4%         N/A       52%         3
 Portal Projectile        Hex/Tloc       8%         N/A       52%         3
 Cause Fear               Hex            3%         N/A       75%         4

Inventory:

Hand Weapons
 Y - a +0 arbalest (weapon)
Armour
 f - a +0 leather armour (worn)
 k - a +0 ring mail
 m - a +2 hat (worn)
Jewellery
 d - a ring of positive energy (left hand)
 l - a +4 ring of protection (right hand)
Scrolls
 b - a scroll of identify
Potions
 a - 2 potions of curing
 c - a potion of haste
 e - a potion of resistance
 h - 2 potions of enlightenment
 i - a potion of cancellation
 j - a potion of brilliance {unknown}
 n - a potion of might {unknown}

Dungeon Overview and Level Annotations

Branches:
Dungeon (4/15)             Temple (1/1) D:4

Altars:
Ashenzari
Cheibriados
Elyvilon
Fedhas
Hepliaklqana
Kikubaaqudgha
Nemelex Xobeh
Vehumet
Yredelemnul
Zin
The Shining One

Shops:
D:1 [   D:3 !


Message History

Enter note: You shoot a bolt.
The bolt hits the orc but does no damage.
You shoot a bolt. The orc shouts!
The bolt hits the orc.
The orc is heavily wounded.
You hear a shout!
The orc throws a stone.
The stone hits you but does no damage.
The orc throws a stone.
The stone barely misses you.
You shoot a bolt. The bolt barely misses the orc.
The orc barely misses you. x2
You shoot a bolt. The bolt barely misses the orc.
The orc hits you but does no damage.
You shoot a bolt. The bolt barely misses the orc.
The orc warrior hits you from afar with a +0 halberd!
The orc barely misses you. The orc warrior closely misses you.
You shoot a bolt. The bolt hits the orc!
You kill the orc!
The orc warrior hits you but does no damage.
The orc closely misses you.
The orc warrior hits you from afar with a +0 halberd!
You shoot a bolt. The bolt hits the orc!!
You kill the orc!
The orc warrior completely misses you.
You shoot a bolt.
The bolt hits the orc warrior but does no damage.
The orc warrior barely misses you. x2
You shoot a bolt.
The bolt closely misses the orc warrior.
The orc warrior barely misses you.
The orc warrior hits you from afar with a +0 halberd.
You shoot a bolt. The bolt hits the orc warrior!
The orc warrior is moderately wounded.
The orc warrior hits you from afar with a +0 halberd!
You shoot a bolt.
The bolt hits the orc warrior but does no damage.
The orc warrior is moderately wounded.
The orc warrior hits you from afar with a +0 halberd!
You die...

###....# #......# #
######....# #.
#.........#
#.#########.###.#.#.#
#.......##......#.#.#
#.#.............#.#.#
#...###.....##....#.#
#.#)@)####8###..###.#
#..)#)o# ### #..#...#
###.##..# #..#.###
#.# ...( ...#.### #.#
8#.). #..#.... #.# .$
.. ..##### #.# #. .
#.# .# #.#


You could see an orc warrior.

Vanquished Creatures
  A scorpion (D:4)
  A hound (D:4)
  An orc priest (D:4)
  An orc wizard (D:4)
  2 iguanas (D:4)
  2 adders (D:4)
  3 worms
  2 dart slugs (D:3)
  5 orcs (D:4)
  7 endoplasms
  A giant cockroach (D:2)
  5 goblins
  6 hobgoblins
  2 jackals (D:2)
  5 quokkas
  4 ball pythons
  8 bats
  3 frilled lizards (D:1)
  5 kobolds
  5 rats
69 creatures vanquished.

Notes
Turn   | Place    | Note
-------+----------+-------------------------------------------
     0 | D:1      | qw the Gargoyle Hexslinger began the quest for the Orb.
     0 | D:1      | Reached XP level 1. HP: 12/12 MP: 2/2
     0 | D:1      | 0 ||| qw: Version: 0.3-a-52-g30416fa
     0 | D:1      | 0 ||| qw: Game counter: 5210
     0 | D:1      | 0 ||| qw: Melee chars always use a shield: true
     0 | D:1      | 0 ||| qw: God list: Okawaru
     0 | D:1      | 0 ||| qw: Allow faded altars: false
     0 | D:1      | 0 ||| qw: Do Orc after clearing Dungeon:15 true
     0 | D:1      | 0 ||| qw: Do second Lair branch before Depths: true
     0 | D:1      | 0 ||| qw: Lair rune preference: random
     0 | D:1      | 0 ||| qw: Goals: Normal
     0 | D:1      | 0 ||| PLANNING D:1-11
    70 | D:1      | HP: 2/12 [hobgoblin (4)]
    76 | D:1      | HP: 1/12 [bat (1)]
    82 | D:1      | Reached XP level 2. HP: 3/16 MP: 3/3
   165 | D:1      | Reached skill level 3 in Ranged Weapons
   259 | D:1      | Found Pyciohua's Armour Shop.
   268 | D:1      | 268 ||| BUYING +0 leather armour (22 gold).
   268 | D:1      | Bought a +0 leather armour for 22 gold pieces
   268 | D:1      | 268 ||| SHOPLISTING +0 ring mail "Saeh" {rPois rN+++ Regen+
                  | Str-3} (328 gold, have 39).
   437 | D:1      | 437 ||| UPGRADING to +0 leather armour.
   447 | D:1      | 447 ||| DROPPING +0 robe.
   448 | D:1      | 448 ||| READING 3 scrolls labelled BIALETY HAHE.
   449 | D:1      | 449 ||| READING scroll labelled SIRUEM GAPSYUL.
   450 | D:1      | 450 ||| DROPPING 2 scrolls of vulnerability.
   451 | D:1      | 451 ||| DROPPING scroll of poison.
   481 | D:2      | Reached XP level 3. HP: 21/21 MP: 4/4
  1148 | D:2      | 1148 ||| UPGRADING to ring of positive energy.
  1149 | D:2      | 1149 ||| READING scroll labelled WEZAIT TEPIMN.
  1150 | D:2      | 1150 ||| READING scroll labelled USMYQI ICIDDI.
  1151 | D:2      | 1151 ||| READING scroll labelled JATAR BICHENORCH.
  1152 | D:2      | 1152 ||| READING scroll labelled BILOYL VUEDOBI.
  1153 | D:2      | 1153 ||| READING scroll labelled XENWIE POSKY.
  1154 | D:2      | 1154 ||| DRINKING 2 fuming coppery potions.
  1158 | D:2      | 1158 ||| DRINKING 2 murky dark potions.
  1159 | D:2      | 1159 ||| DRINKING 3 fuming clear potions.
  1160 | D:2      | 1160 ||| DRINKING 2 green potions.
  1161 | D:2      | 1161 ||| DROPPING potion of ambrosia.
  1188 | D:3      | Found a white marble altar of Elyvilon.
  1188 | D:3      | Found a glowing golden altar of the Shining One.
  1188 | D:3      | Found a glowing silver altar of Zin.
  1314 | D:3      | 1314 ||| SWAPPING to +0 arbalest.
  1315 | D:3      | 1315 ||| DROPPING +2 sling of draining.
  1423 | D:3      | Found a snail-covered altar of Cheibriados.
  1429 | D:3      | Reached XP level 4. HP: 24/26 MP: 5/5
  1559 | D:3      | Found Oraza's Distillery.
  1562 | D:3      | 1562 ||| SHOPLISTING 2 potions of mutation (224 gold, have
                  | 174).
  1562 | D:3      | 1562 ||| BUYING potion of curing (42 gold).
  1562 | D:3      | Bought a potion of curing for 42 gold pieces
  1562 | D:3      | 1562 ||| BUYING potion of curing (42 gold).
  1562 | D:3      | Bought a potion of curing for 42 gold pieces
  1562 | D:3      | 1562 ||| SHOPLISTING potion of haste (140 gold, have 90).
  1566 | D:3      | 1566 ||| UPGRADING to +2 hat.
  1571 | D:3      | 1571 ||| UPGRADING to +4 ring of protection.
  1572 | D:3      | 1572 ||| READING scroll labelled TASIYNO FEHYE.
  1573 | D:3      | 1573 ||| READING 3 scrolls of identify.
  1573 | D:3      | 1573 ||| IDENTIFYING fuming green potion
  1574 | D:3      | 1574 ||| READING 2 scrolls of identify.
  1574 | D:3      | 1574 ||| IDENTIFYING sedimented clear potion
  1618 | D:4      | Reached skill level 4 in Ranged Weapons
  1666 | D:4      | Noticed a scorpion
  1670 | D:4      | Killed a scorpion
  1671 | D:4      | Reached XP level 5. HP: 26/30 MP: 6/6
  1695 | D:4      | Found a staircase to the Ecumenical Temple.
  1696 | D:4      | 1696 ||| PLANNING TEMPLE
  1704 | Temple   | Entered the Ecumenical Temple
  1718 | Temple   | 1718 ||| PLANNING D:1-11
  1745 | D:4      | Found a basalt altar of Yredelemnul.
  1772 | D:4      | Reached skill level 5 in Ranged Weapons
  1868 | D:4      | HP: 5/31 [iguana (8)]
  1869 | D:4      | 1869 ||| DRINKING potion of heal wounds.
  1871 | D:4      | Reached skill level 3 in Fighting
  1960 | D:4      | Reached XP level 6. HP: 37/37 MP: 7/7
  2031 | D:4      | 2031 ||| DRINKING 3 potions of curing.
  2031 | D:4      | 2031 ||| (to cure confusion)
  2035 | D:4      | Noticed an orc warrior
  2036 | D:4      | 2036 ||| Stepping ~*~*~tactically~*~*~ (outnumbered).
  2071 | D:4      | HP: 5/37 [orc warrior/+0 halberd (13)]
  2072 | D:4      | Slain by an orc warrior

Levels and vault maps discovered:
D:1:      lemuel_arrival_river_ford, layout_rooms, serial_shops, shop,
          minmay_misc_feat_pillars, st_stairs_9
D:2:      layout_loops_ring
D:3:      layout_rooms, good_gods_mini_temple,
          mainiacjoe_overflow_surrounded_room, serial_shops,
          nicolae_shop_behind_doors
D:4:      minmay_evil_eye, layout_basic, nicolae_ru_path_of_blood,
          mainiacjoe_overflow_paths, minmay_temple_entry_antechambers,
          st_stairs_12, guppyfry_early_orc_mine
Temple:   nicolae_temple_stand_before_the_council

Skill      XL: |  1  2  3  4  5 |
---------------+----------------+-----
Ranged Weapons | 3 4 5 |  5.9
Fighting       | 2 3 |  3.0
Dodging        | |  1.5
Spellcasting   | |  1.0
Hexes          | |  2.6

Action                     |  1- 3 |  4- 6 || total
---------------------------+-------+-------++-------
   Fire: Sling             |   121 |       ||   121
         Arbalest          |     7 |    92 ||    99
    Use: Scroll            |     7 |     3 ||    10
         Potion            |     4 |     2 ||     6
 Armour: Robe              |    25 |       ||    25
         Leather armour    |     3 |    38 ||    41
  Dodge: Dodged            |    51 |    44 ||    95

Table legend:
 A = Non-vault XP
 B = Vault XP
 C = Vault XP percentage of total XP
 D = Non-vault monster count
 E = Vault monster count
 F = Vault count percentage of total count
                 A         B        C        D         E       F
            +---------+---------+-------+---------+---------+-------
      Total |     276 |     147 |  34.8 |      57 |      12 |  17.4
            +---------+---------+-------+---------+---------+-------
        D:1 |      27 |       3 |  10.0 |      18 |       2 |  10.0
        D:2 |      30 |       0 |   0.0 |      19 |       0 |   0.0
        D:3 |      27 |       0 |   0.0 |      10 |       0 |   0.0
        D:4 |     192 |     144 |  42.9 |      10 |      10 |  50.0
            +---------+---------+-------+---------+---------+-------
